 Dungeon Crawl Stone Soup version 0.26.0-16-gc1dbca0489 (webtiles) character file.

Game seed: 16957280581142047476

249 Majang the Insei (level 5, -1/41 HPs)
             Began as a Demigod Transmuter on Jan 18, 2021.
             Slain by an iron imp (3 damage)
             ... summoned by Eustachio
             ... on level 4 of the Dungeon.
             The game lasted 00:11:51 (4781 turns).

Majang the Insei (Demigod Transmuter)               Turns: 4781, Time: 00:11:51

Health: -1/41      AC:  3    Str: 15    XL:     5   Next: 56%
Magic:  10/11      EV: 12    Int: 17    God:
Gold:   214        SH:  0    Dex: 16    Spells: 6/9 levels left

rFire    . . .     SeeInvis .     - Unarmed
rCold    . . .     Faith    .   (no shield)
rNeg     . . .     Spirit   .   a - +0 robe
rPois    +         Reflect  .   (helmet currently unavailable)
rElec    .         Harm     .   v - +0 cloak
rCorr    .         Rampage  .   (no gloves)
Will     +....                  (boots currently unavailable)
Stlth    +.........             (no amulet)
HPRegen  0.13/turn              u - ring of poison resistance
MPRegen  0.12/turn              w - ring of willpower

@: appendages (expiring), very slightly contaminated
A: horns 2, talons 2, high mp 1
a: End Transformation


You were on level 4 of the Dungeon.
You had grown temporary horns.
You had grown temporary talons.
You visited 1 branch of the dungeon, and saw 4 of its levels.

You collected 214 gold pieces.

Inventory:

Armour
 a - a +0 robe (worn)
 f - a +1 pair of boots (melded)
 r - a +0 helmet (melded)
 v - a +0 cloak (worn)
Jewellery
 g - an uncursed ring of fire
 q - an uncursed ring of see invisible
 u - a ring of poison resistance (left hand)
 w - a ring of willpower (right hand)
Scrolls
 e - 4 scrolls of identify
 h - a scroll of enchant armour {unknown}
 k - a scroll of immolation
 p - 2 scrolls of remove curse
 s - a scroll of blinking {unknown}
 t - a scroll of random uselessness {unknown}
Potions
 b - 3 potions of invisibility
 c - 3 potions of curing {unknown}
 d - a potion of resistance {unknown}
 i - 2 potions of heal wounds {unknown}
 j - a potion of flight {unknown}
 l - a potion of haste {unknown}
 m - 2 potions of attraction {unknown}
 o - a potion of magic {unknown}


   Skills:
 + Level 2.0 Fighting
 - Level 1.7 Dodging
 * Level 4.1 Unarmed Combat
 + Level 2.6 Spellcasting
 * Level 3.5 Transmutations


You had 6 spell levels left.
You knew the following spells:

 Your Spells              Type           Power        Failure   Level
a - Beastly Appendage     Tmut           28%          4%          1
b - Wereblood             Tmut           14%          6%          2

Your spell library contained the following spells:

 Spells                   Type           Power        Failure   Level
 Spider Form              Tmut/Pois      4%           26%         3
 Ice Form                 Ice/Tmut       8%           65%         4
 Blade Hands              Tmut           7%           75%         5


Dungeon Overview and Level Annotations

Branches:
Dungeon (4/15)
 Temple: D:4-7

Annotations:
D:4 Eustachio


Innate Abilities, Weirdness & Mutations

You have an increased reservoir of magic. (+10% MP)
You have a pair of horns on your head.
You have razor-sharp toenails.


Message History

You barely miss Eustachio. You claw Eustachio. You headbutt Eustachio.
Eustachio is moderately wounded.
The iron imp hits you.
* * * LOW HITPOINT WARNING * * *
Eustachio hits you with a +0 falchion.
* * * LOW HITPOINT WARNING * * *
You hit Eustachio but do no damage. You claw Eustachio, but do no damage.
Eustachio is moderately wounded.
The iron imp hits you.
* * * LOW HITPOINT WARNING * * *
You barely miss Eustachio. Your kick misses Eustachio.
Eustachio is moderately wounded.
Eustachio calls on the powers of shadow!
Eustachio casts a spell.
You hit Eustachio. You headbutt Eustachio!
Eustachio is severely wounded.
Eustachio hits you with a +0 falchion.
* * * LOW HITPOINT WARNING * * *
The iron imp hits you.
You die...

. ###...#
#.........###
##....####.#..##.
#.............!.#
#..........>...##.#
...##...........#...
...#.........?......
................#...
...................
..>.......5@.......
.?......5.@...##..
.............#
##########..# ..#
..# .# ..


You could see Eustachio and 2 iron imps.

Vanquished Creatures
  Natasha (thrice) (D:2)
  Robin (D:3)
  6 adders
  2 oozes
  3 worms
  4 dart slugs
  2 orcs (D:3)
  10 bats
  6 giant cockroaches
  11 goblins
  14 hobgoblins
  3 jackals
  6 kobolds
  A quokka (D:2)
  A ball python (D:2)
  7 frilled lizards
  7 rats
87 creatures vanquished.

Notes
Turn   | Place    | Note
-------+----------+-------------------------------------------
     0 | D:1      | Majang the Demigod Transmuter began the quest for the Orb.
     0 | D:1      | Reached XP level 1. HP: 15/15 MP: 5/5
   215 | D:1      | Reached skill level 1 in Fighting
   344 | D:1      | Reached XP level 2. HP: 20/23 MP: 7/7
   412 | D:1      | Reached skill level 3 in Unarmed Combat
   656 | D:1      | Learned a level 2 spell: Wereblood
  1128 | D:1      | Reached XP level 3. HP: 26/28 MP: 6/8
  2289 | D:2      | Reached XP level 4. HP: 35/35 MP: 10/10
  2298 | D:2      | Found a hide-covered altar of Uskayaw.
  2354 | D:2      | Noticed Natasha
  2458 | D:2      | Killed Natasha
  2583 | D:2      | Noticed Natasha
  2587 | D:2      | Killed Natasha
  2758 | D:2      | Noticed Natasha
  2768 | D:2      | Killed Natasha
  2769 | D:2      | Reached XP level 5. HP: 32/41 MP: 9/11
  2970 | D:2      | Found a hazy altar of Hepliaklqana.
  3541 | D:3      | Reached skill level 4 in Unarmed Combat
  3545 | D:3      | Noticed Robin
  3551 | D:3      | Killed Robin
  4446 | D:3      | Found a faded altar of an unknown god.
  4721 | D:4      | Noticed Sigmund
  4724 | D:4      | Noticed Sigmund
  4724 | D:4      | Sigmund changed into Sigmund the rat
  4727 | D:4      | Killed Sigmund the rat
  4762 | D:4      | Noticed Eustachio
  4781 | D:4      | HP: 2/41 [Eustachio/+0 falchion (4)]
  4781 | D:4      | Slain by an iron imp

Illustrated notes

Levels and vault maps discovered:
D:1:      erik_arrival_triangle_medium, layout_loops_corners,
          kennysheep_crisscross
D:2:      layout_loops_corners, lemuel_coloured_pillars_altar,
          old_standard_altar, bh_walls_and_bars, uniq_natasha
D:3:      minmay_chambers_of_twos, layout_loops_corners,
          chequers_ecumenical_altar_lobes, kennysheep_generic_room_9, uniq_robin
D:4:      layout_rooms, chequers_garden, uniq_sigmund, uniq_eustachio

Skill      XL: |  1  2  3  4  5 |
---------------+----------------+-----
Fighting       | 1 2 |  2.0
Transmutations | 2 3 |  3.5
Unarmed Combat | 3 4 |  4.1
Spellcasting   | 2 |  2.6
Dodging        | |  1.7

Action                   |  1- 3 |  4- 6 || total
-------------------------+-------+-------++-------
Melee: Unarmed           |   105 |   109 ||   214
       Kick              |    31 |    35 ||    66
       Headbutt          |    18 |    12 ||    30
 Cast: Beastly Appendage |    31 |    22 ||    53
       Wereblood         |       |     3 ||     3
Evoke: Wand              |       |     3 ||     3
  Use: Scroll            |       |     4 ||     4
 Stab: Sleeping          |     3 |     1 ||     4
Armor: Robe              |    11 |    29 ||    40
       Skin              |       |     1 ||     1
Dodge: Dodged            |    63 |    57 ||   120
